 Dungeon Sprint DCSS version 0.28-a0-909-g796cbd3a86 (webtiles) character file.

Game seed: 6194190599622057648

114 kae the Ruffian (level 4, 0/40 HPs)
             Began as a Draconian Transmuter on Nov 24, 2021.
             Slain by a scorpion (1 damage)
             ... in the Dungeon (Sprint II: "The Violet Keep of Menkaure").
             The game lasted 00:00:09 (16 turns).

kae the Ruffian (Draconian Transmuter)                Turns: 16, Time: 00:00:10

Health: 0/40       AC:  5    Str: 12    XL:     4   Next: 66%
Magic:  4/9        EV: 12    Int: 15    God:
Gold:   0          SH:  0    Dex: 11    Spells: 9/10 levels left

rFire   . . .      SeeInvis .     - Unarmed
rCold   . . .      Faith    .   (no shield)
rNeg    . . .      Spirit   .   (armour unavailable)
rPois   .          Reflect  .   (helmet restricted)
rElec   .          Harm     .   (no cloak)
rCorr   .          Rampage  .   (no gloves)
Will    .....      NoTele   +   (no boots)
Stlth   +.........              (no amulet)
HPRegen 0.13/turn               (no ring)
MPRegen 0.11/turn               (no ring)

@: lethally poisoned (0 -> -12), on berserk cooldown, slowed, very slow
A: AC +5, unfitting armour, cold-blooded
a: no special abilities


You were in the Dungeon.
You visited 1 branch

Inventory:

Scrolls
 f - a scroll of blinking
Potions
 a - a potion of curing
 b - a potion of heal wounds
 c - a potion of haste
 d - 2 potions of magic


   Skills:
 + Level 3.8 Fighting
 + Level 3.5 Dodging
 * Level 5.7 Unarmed Combat
 + Level 3.7 Spellcasting
 * Level 5.2 Transmutations


You had 9 spell levels left.
You knew the following spells:

 Your Spells              Type           Power      Damage    Failure   Level
a - Beastly Appendage     Tmut           36%        N/A       2%          1

Your spell library contained the following spells:

 Spells                   Type           Power      Damage    Failure   Level
 Wereblood                Tmut           18%        N/A       3%          2
 Spider Form              Tmut/Pois      10%        N/A       19%         3
 Ice Form                 Ice/Tmut       10%        N/A       52%         4


Dungeon Overview and Level Annotations

Branches:
Dungeon (1/1)

Altars:


Innate Abilities, Weirdness & Mutations

Your plain brown scales are hard. (AC +5)
You cannot fit into any form of body armour.
You are cold-blooded and may be slowed by cold attacks.


Message History

Your Unarmed Combat skill increases to level 4!
Your Spellcasting skill increases to level 3!
Your Transmutations skill gained 2 levels and is now at level 4!
You have reached level 2!
You have reached level 3!
Your experience leads to an increase in your attributes!
Increase (S)trength, (I)ntelligence, or (D)exterity?
You feel clever.
Your scales feel tougher.
You feel sick. The scorpion stings you.
You are more poisoned.
The scorpion poisons you!
There is an open door here.
You see here a scorpion corpse.
You punch the scorpion!
The scorpion is heavily wounded.
You feel sick. The scorpion barely misses you.
You punch the scorpion!
You kill the scorpion!
You feel sick. The scorpion closely misses you.
Your Unarmed Combat skill increases to level 5!
Your Transmutations skill increases to level 5!
You have reached level 4!
You feel clever.
You feel sick. The scorpion barely misses you.
You hit the scorpion.
The scorpion is moderately wounded.
You are no longer berserk.
You are exhausted.
You feel yourself slow down.
You feel sick. The scorpion barely misses you. The scorpion stings you.
* * * LOW HITPOINT WARNING * * *
You are more poisoned.
The scorpion poisons you!
You hit the scorpion but do no damage.
The scorpion is moderately wounded.
* * * LOW HITPOINT WARNING * * *
You feel very sick.
The scorpion stings you but does no damage. x2
The scorpion stings you.
You die...

###
###
#..
..#
#.#s#
#@#
##s##
+.<.+
##.##
#+#


You could see 2 scorpions.

Vanquished Creatures
  2 scorpions (D)
2 creatures vanquished.

Notes
Turn   | Place    | Note
-------+----------+-------------------------------------------
     0 | D        | kae the Draconian Transmuter began the quest for the Orb.
     0 | D        | Reached XP level 1. HP: 16/16 MP: 3/3
     1 | D        | Noticed a scorpion
     1 | D        | Noticed a scorpion
     1 | D        | Noticed a scorpion
     1 | D        | Noticed a scorpion
    10 | D        | Killed a scorpion
    11 | D        | Reached XP level 2. HP: 18/26 MP: 4/6
    11 | D        | Reached XP level 3. HP: 22/31 MP: 4/7
    13 | D        | Killed a scorpion
    14 | D        | Reached skill level 5 in Unarmed Combat
    14 | D        | Reached skill level 5 in Transmutations
    14 | D        | Reached XP level 4. HP: 20/40 MP: 4/9
    16 | D        | HP: 1/40 [poisoned by a scorpion]
    16 | D        | Slain by a scorpion

Illustrated notes

Levels and vault maps discovered:
D:        the_violet_keep_of_menkaure [sprint2_stairs_cluster_1,
          sprint2_shoproom, sprint2_temple, sprint2_basic_supplies,
          sprint2_obstacle_7, sprint2_obstacle_5, sprint2_obstacle_4,
          sprint2_obstacle_1, sprint2_obstacle_3, sprint2_timed_cluster_1,
          sprint2_smallroom_cluster_1, sprint2_smallroom_final_cluster_1,
          sprint2_transparent_cluster_1, sprint2_second_timed_cluster_1,
          sprint2_sniper_area_1, sprint2_heavy_combat_area_1,
          sprint2_mutation_trap_area_1, sprint2_forest_area_1,
          sprint2_light_combat_area_1, sprint2_behind_water_1,
          sprint2_near_end_vault_1]

Skill      XL: |  1  2  3 |
---------------+----------+-----
Fighting       | 3 |  3.8
Dodging        | 3 |  3.5
Unarmed Combat | 4 5 |  5.7
Spellcasting   | 3 |  3.7
Transmutations | 4 5 |  5.2

Action                   |  1- 3 |  4- 6 || total
-------------------------+-------+-------++-------
Melee: Unarmed           |     8 |     2 ||    10
  Use: Potion            |     1 |       ||     1
Armor: Skin              |     1 |     2 ||     3
Dodge: Dodged            |     6 |     2 ||     8

Table legend: (Time is in decaauts)
 A = Elapsed time spent in this place.
 B = Non-inter-level travel time spent in this place.
 C = Inter-level travel time spent in this place.
 D = Time resting spent in this place.
 E = Time spent auto-exploring this place.
 F = Levels seen in this place.
 G = Mean time per level.
                   A        B        C        D        E       F      G
               +--------+--------+--------+--------+--------+-----+--------+
         Total |     11 |     11 |      0 |      0 |      0 |   1 |   11.0 |
       Dungeon |     11 |     11 |      0 |      0 |      0 |   1 |   11.0 |
               +--------+--------+--------+--------+--------+-----+--------+

Top non-repeatable levels by time:
       D: 11 daAuts
